 Dungeon Sprint DCSS version 0.19-a0-1532-g228a5d9 (webtiles) character file.

14523 poirepourri the Ninja (level 11, -3/48 HPs)
             Began as a Spriggan Enchanter on Sept 13, 2016.
             Was the Champion of Dithmenos.
             Splashed by an oklob plant's acid (9 damage)
             ... in the Dungeon (Sprint IV: "Fedhas' Mad Dash").
             The game lasted 00:09:46 (4769 turns).

poirepourri the Ninja (Spriggan Enchanter)          Turns: 4769, Time: 00:09:47

Health: -3/48      AC: -4    Str:  4    XL:     11   Next: 89%
Magic:  27/31      EV: 29    Int: 16    God:    Dithmenos [******]
Gold:   266        SH:  0    Dex: 21    Spells: 8 memorised, 18 levels left

rFire  . . .     SeeInvis +     k - +3 rapier
rCold  . . .     Gourm    .     e - +2 robe {rN+}
rNeg   + . .     Faith    .     (shield restricted)
rPois  .         Spirit   .     (helmet restricted)
rElec  .         Dismiss  .     (no cloak)
rCorr  .         Reflect  .     (gloves unavailable)
MR     +....     Harm     .     (boots unavailable)
Stlth  ++++++++++ NoTele   +    l - amulet of inaccuracy (curse)
                                (no ring)
                                (no ring)

@: corroded, wreathed by umbra, very quick
A: unfitting armour, see invisible, herbivore 3, speed 3, slow metabolism 2
a: Shadow Step, Shadow Form, Renounce Religion


You were in the Dungeon.
You worshipped Dithmenos.
Dithmenos was exalted by your worship.
You were not hungry.

You visited 1 branch You collected 429 gold pieces.
You spent 163 gold pieces at shops.

Inventory:

Hand Weapons
 a - a +1 dagger
 k - a +3 rapier (weapon)
Armour
 b - a +1 robe
 e - a +2 robe of positive energy (worn)
 f - a +0 buckler of protection
Jewellery
 i - the amulet of invisibility {+Inv}
   (You found it in the Dungeon)

   [amulet of nothing]

   It lets you turn invisible.
 l - a cursed amulet of inaccuracy (around neck)
Scrolls
 d - a scroll of identify
Books
 c - a book of Maledictions

   Spells                             Type                      Level
   a - Corona                         Hexes                        1
   b - Ensorcelled Hibernation        Hexes/Ice                    2
   c - Confuse                        Hexes                        3
   d - Tukima's Dance                 Hexes                        3
   e - Dazzling Spray                 Conjuration/Hexes            3
 m - the Almanac of Igneous Shape Shifting
   (You found it in the Dungeon)

   Spells                             Type                      Level
   a - Inner Flame                    Hexes/Fire                   3
   b - Petrify                        Transmutation/Earth          4
   c - Yara's Violent Unravelling     Hexes/Transmutation          5
   d - Bolt of Fire                   Conjuration/Fire             6
 n - a book of Spatial Translocations

   Spells                             Type                      Level
   a - Apportation                    Translocation                1
   b - Blink                          Translocation                2
   c - Shroud of Golubria             Charms/Translocation         2
   d - Portal Projectile              Translocation                3
   e - Teleport Other                 Translocation                3
   f - Passage of Golubria            Translocation                4
Comestibles
 j - 9 royal jellies


   Skills:
 - Level 0.4 Fighting
 + Level 12.0 Short Blades
 + Level 11.1 Dodging
 O Level 27 Stealth
 * Level 3.1 Shields
 + Level 15.2 Spellcasting
 + Level 1.6 Conjurations
 + Level 16.6 Hexes
 - Level 1.2 Ice Magic
 + Level 1.5 Invocations


You had 18 spell levels left.
You knew the following spells:

 Your Spells              Type           Power        Failure   Level  Hunger
a - Corona                Hex            ######.      0%          1    None
b - Ensorcelled Hibernat  Hex/Ice        #####.       1%          2    None
c - Confuse               Hex            ######..     1%          3    None
d - Tukima's Dance        Hex            ######..     1%          3    None
e - Dazzling Spray        Conj/Hex       #####.       1%          3    None
f - Yara's Violent Unrav  Hex/Tmut       #####.....   6%          5    ####...
g - Blink                 Tloc           N/A          10%         2    None
h - Teleport Other        Tloc           ##......     17%         3    None


Dungeon Overview and Level Annotations

Branches:
Dungeon (1/1)

Altars:
Cheibriados
Dithmenos
Elyvilon
Gozag
Hepliaklqana
Kikubaaqudgha
Makhleb
Nemelex Xobeh
Okawaru
Qazlal
Ru
Sif Muna
Trog
Uskayaw
Vehumet
Xom
Yredelemnul
Zin
The Shining One
Beogh
Jiyva
Lugonu

Shops:
D !?:([*=[(===[[}!(:[

Annotations:
D exclusion: 7 oklob plants


Innate Abilities, Weirdness & Mutations

You are tiny and cannot use many weapons and most armour.
You have supernaturally acute eyesight. (SInv)
You are a herbivore.
You cover ground extremely quickly.
You need consume almost no food.


Message History

You destroy the oklob plant!
Dithmenos accepts your kill.
Marking area around the oklob plant as unsafe for travelling.
An oklob plant comes into view.
The helpless oklob plant fails to defend itself.
You spit the oklob plant like a pig!!!!!
You destroy the oklob plant!
Dithmenos accepts your kill.
Your Short Blades skill increases to level 12!
Your Shields skill increases to level 3!
The oklob plant spits acid at you. The splash of acid hits you!
You emit a cloud of dark smoke.
The acid corrodes you!
The acid burns!
You emit a cloud of dark smoke.
Marking area around the oklob plant as unsafe for travelling.
An oklob plant comes into view.
The oklob plant spits acid at you. The splash of acid hits you!
* * * LOW HITPOINT WARNING * * *
You emit a cloud of dark smoke.
The acid corrodes you!
The acid burns!
You die...

)P..........♣.)...∩.∩..).#
.P...#####################
###### #..# )..+ .†.# ...#
#################
...#####∩∩∩#.§§§§§P.P.P.
...'....∩.∩'.§§§@§......
...#####∩∩∩#...§§P.P.P.P
#### #################


You could see 7 oklob plants.

Vanquished Creatures
  Agnes (D)
  A ghost moth (D)
  A spriggan defender (D)
  A spriggan berserker (D)
  A spriggan druid (D)
  13 oklob plants (D)
  3 demonic crawlers (D)
  3 wandering mushrooms (D)
  3 burning bushes (D)
  A queen bee (D)
  6 wasps (D)
  2 scorpions (D)
  4 killer bees (D)
  5 oklob saplings (D)
  A worker ant (D)
  8 spriggans (D)
  A river rat (D)
  A rat (D)
  5 ballistomycetes (D)
  2 giant spores (D)
63 creatures vanquished.

Vanquished Creatures (others)
  2 giant spores (D)
2 creatures vanquished.

Grand Total: 65 creatures vanquished

Notes
Turn   | Place    | Note
-------+----------+-------------------------------------------
     0 | D        | poirepourri the Spriggan Enchanter began the quest for the Orb.
     0 | D        | Reached XP level 1. HP: 9/9 MP: 5/5
    19 | D        | Reached skill level 7 in Stealth
    19 | D        | Reached XP level 2. HP: 13/13 MP: 3/6
    44 | D        | Learned a level 2 spell: Ensorcelled Hibernation
    46 | D        | Noticed an oklob sapling
    48 | D        | Killed an oklob sapling
    48 | D        | Reached skill level 9 in Stealth
    48 | D        | Reached XP level 3. HP: 16/16 MP: 8/8
    58 | D        | Learned a level 3 spell: Confuse
    64 | D        | Reached skill level 5 in Dodging
    64 | D        | Reached skill level 10 in Stealth
   184 | D        | Noticed an oklob sapling
   187 | D        | Killed an oklob sapling
   187 | D        | Reached skill level 11 in Stealth
   187 | D        | Reached XP level 4. HP: 21/21 MP: 9/9
   299 | D        | Found an opulent altar of Gozag.
   299 | D        | Found a hazy altar of Hepliaklqana.
   299 | D        | Found a burning altar of Makhleb.
   299 | D        | Found a roughly hewn altar of Beogh.
   299 | D        | Found a sparkling altar of Nemelex Xobeh.
   299 | D        | Found a snail-covered altar of Cheibriados.
   299 | D        | Found a sacrificial altar of Ru.
   299 | D        | Found a deep blue altar of Sif Muna.
   299 | D        | Found a shimmering altar of Xom.
   299 | D        | Found a basalt altar of Yredelemnul.
   300 | D        | Found a viscous altar of Jiyva.
   300 | D        | Found a bloodstained altar of Trog.
   301 | D        | Found an iron altar of Okawaru.
   301 | D        | Found a shadowy altar of Dithmenos.
   301 | D        | Found a glowing silver altar of Zin.
   302 | D        | Found a hide-covered altar of Uskayaw.
   302 | D        | Found an ancient bone altar of Kikubaaqudgha.
   303 | D        | Found a stormy altar of Qazlal.
   303 | D        | Found a glowing golden altar of the Shining One.
   303 | D        | Found a white marble altar of Elyvilon.
   304 | D        | Found a radiant altar of Vehumet.
   304 | D        | Found a corrupted altar of Lugonu.
   307 | D        | Reached skill level 12 in Stealth
   307 | D        | Reached skill level 5 in Hexes
   312 | D        | Became a worshipper of Dithmenos the Shadowed
   324 | D        | Reached XP level 5. HP: 24/24 MP: 10/12
   329 | D        | Learned a level 3 spell: Tukima's Dance
   333 | D        | Learned a level 3 spell: Dazzling Spray
   349 | D        | Reached skill level 13 in Stealth
   350 | D        | Reached * piety under Dithmenos
   350 | D        | Reached skill level 5 in Spellcasting
   449 | D        | Found Udagegh's Armour Shop.
   449 | D        | Found Racwiuvi's Jewellery Emporium.
   458 | D        | Noticed a burning bush
   458 | D        | Noticed a wandering mushroom
   459 | D        | Noticed a wandering mushroom
   461 | D        | Killed a wandering mushroom
   461 | D        | Reached skill level 5 in Short Blades
   461 | D        | Reached skill level 15 in Stealth
   461 | D        | Reached XP level 6. HP: 28/28 MP: 14/16
   465 | D        | Killed a burning bush
   465 | D        | Reached ** piety under Dithmenos
   465 | D        | Reached skill level 17 in Stealth
   465 | D        | Reached XP level 7. HP: 32/32 MP: 15/18
   482 | D        | Killed a wandering mushroom
   482 | D        | Reached skill level 18 in Stealth
   613 | D        | Found Ograkhei's Antique Weapon Emporium.
   613 | D        | Found Ycraoxul's Distillery.
   616 | D        | Identified the Almanac of Igneous Shape Shifting
   675 | D        | Noticed a queen bee
   703 | D        | Reached *** piety under Dithmenos
   703 | D        | Reached XP level 8. HP: 36/36 MP: 17/20
   739 | D        | Reached skill level 10 in Hexes
   741 | D        | Killed a queen bee
   741 | D        | Reached **** piety under Dithmenos
   741 | D        | Reached skill level 1 in Ice Magic
  1057 | D        | Noticed an oklob plant
  1060 | D        | Killed an oklob plant
  1060 | D        | Reached skill level 19 in Stealth
  1076 | D        | Noticed a burning bush
  1080 | D        | Killed a burning bush
  1192 | D        | Noticed a burning bush
  1192 | D        | Noticed an oklob plant
  1193 | D        | Noticed a wandering mushroom
  1194 | D        | Killed a burning bush
  1194 | D        | Reached ***** piety under Dithmenos
  1194 | D        | Reached skill level 20 in Stealth
  1194 | D        | Reached XP level 9. HP: 40/40 MP: 23/23
  1199 | D        | Killed an oklob plant
  1199 | D        | Reached skill level 21 in Stealth
  1215 | D        | Reached skill level 10 in Spellcasting
  1293 | D        | Noticed a spriggan druid
  1295 | D        | Killed a spriggan druid
  1295 | D        | Reached skill level 22 in Stealth
  1406 | D        | Noticed an oklob plant conjurer
  1408 | D        | Killed an oklob plant conjurer
  1422 | D        | Learned a level 5 spell: Yara's Violent Unravelling
  1427 | D        | Learned a level 2 spell: Blink
  1431 | D        | Learned a level 3 spell: Teleport Other
  2201 | D        | Noticed Agnes
  2203 | D        | Found Caafeseu's Armour Emporium.
  2203 | D        | Noticed a spriggan berserker
  2205 | D        | Found Liugapal's Gadget Shoppe.
  2207 | D        | Killed Agnes
  2207 | D        | Reached skill level 10 in Short Blades
  2207 | D        | Reached skill level 24 in Stealth
  2207 | D        | Reached XP level 10. HP: 44/44 MP: 24/26
  2211 | D        | Killed a spriggan berserker
  2217 | D        | Noticed a spriggan defender
  2224 | D        | Killed a spriggan defender
  2224 | D        | Reached skill level 25 in Stealth
  2406 | D        | Noticed a spriggan rider
  2415 | D        | Killed a spriggan rider
  2423 | D        | Reached ****** piety under Dithmenos
  2423 | D        | Reached skill level 26 in Stealth
  2428 | D        | Noticed a ghost moth
  2429 | D        | Found Xiockiuph's Magic Scroll Boutique.
  2429 | D        | Found Deney's Book Emporium.
  2429 | D        | Found Kaca's Distillery.
  3497 | D        | Killed a ghost moth
  3497 | D        | Reached skill level 10 in Dodging
  3497 | D        | Reached XP level 11. HP: 48/48 MP: 17/29
  3764 | D        | Bought a scroll of identify for 28 gold pieces
  3820 | D        | Noticed an oklob plant
  3820 | D        | Noticed an oklob plant summoner
  3821 | D        | Noticed an oklob plant shifter
  3825 | D        | Killed an oklob plant
  3825 | D        | Reached skill level 1 in Conjurations
  3827 | D        | Killed an oklob plant summoner
  3827 | D        | Reached skill level 15 in Hexes
  3830 | D        | Killed an oklob plant shifter
  3839 | D        | Noticed a spriggan rider
  3840 | D        | Found Jerat's Book Emporium.
  4057 | D        | Killed a spriggan rider
  4496 | D        | Found Poum's Antique Armour Shoppe.
  4526 | D        | Bought a runed robe for 18 gold pieces
  4526 | D        | Bought a runed buckler for 117 gold pieces
  4578 | D        | Noticed an oklob plant shifter
  4578 | D        | Noticed an oklob plant meteorologist
  4597 | D        | Killed an oklob plant meteorologist
  4603 | D        | Killed an oklob plant shifter
  4673 | D        | Noticed a spriggan rider
  4677 | D        | Reached skill level 1 in Shields
  4679 | D        | Killed a spriggan rider
  4730 | D        | Found Voklut's Antique Armour Shoppe.
  4730 | D        | Found Lisa's Assorted Antiques.
  4730 | D        | Found Quhaky's Antique Weapon Shop.
  4730 | D        | Found Gufar's Armour Emporium.
  4730 | D        | Found Lixej's Jewellery Shoppe.
  4731 | D        | Found Luihem's Jewellery Emporium.
  4731 | D        | Found Vicom's Jewellery Shop.
  4731 | D        | Found Bung's Weapon Boutique.
  4760 | D        | Noticed an oklob plant
  4760 | D        | Noticed an oklob plant
  4760 | D        | Noticed an oklob plant
  4760 | D        | Noticed an oklob plant
  4760 | D        | Noticed an oklob plant
  4760 | D        | Noticed an oklob plant
  4761 | D        | Noticed an oklob plant
  4761 | D        | Noticed an oklob plant
  4761 | D        | Noticed an oklob plant
  4762 | D        | Killed an oklob plant
  4763 | D        | Killed an oklob plant
  4763 | D        | Reached skill level 27 in Stealth
  4763 | D        | Reached skill level 1 in Invocations
  4764 | D        | Noticed an oklob plant
  4765 | D        | Killed an oklob plant
  4765 | D        | Reached skill level 15 in Spellcasting
  4766 | D        | Killed an oklob plant
  4767 | D        | Noticed an oklob plant
  4768 | D        | Killed an oklob plant
  4769 | D        | Noticed an oklob plant
  4769 | D        | Splashed by an oklob plant's acid

Vault maps used:
D:        dungeon_sprint_fedhas

Skill      XL: |  1  2  3  4  5  6  7  8  9 10 11 |
---------------+----------------------------------+-----
Stealth        | 7 9 11 12 15 17 18 20 24 26 27 | 27.0
Short Blades   | 2 3 5 6 8 10 11 12 | 12.0
Dodging        | 4 5 6 7 8 9 10 11 | 11.1
Spellcasting   | 4 6 7 9 11 13 15 | 15.2
Hexes          | 5 8 9 11 13 14 16 | 16.6
Ice Magic      | 1 |  1.2
Conjurations   | 1 |  1.6
Shields        | 3 |  3.1
Invocations    | 1 |  1.5
Fighting       | |  0.4

Action                   |  1- 3 |  4- 6 |  7- 9 | 10-12 || total
-------------------------+-------+-------+-------+-------++-------
Melee: Dagger            |    10 |     5 |       |       ||    15
       Rapier            |       |     2 |    42 |    79 ||   123
 Cast: Corona            |     1 |       |       |       ||     1
       Ensorcelled Hiber |       |       |    10 |    20 ||    30
       Confuse           |       |       |     5 |    16 ||    21
       Dazzling Spray    |       |       |       |     3 ||     3
Invok: Shadow Step       |       |       |       |     3 ||     3
  Use: Potion            |     1 |       |       |     5 ||     6
       Scroll            |       |     2 |     3 |     1 ||     6
 Stab: Sleeping          |     3 |     7 |    14 |    20 ||    44
       Confused          |       |       |     3 |     5 ||     8
       Invisible         |       |       |       |     1 ||     1
  Eat: Bread ration      |       |       |       |     1 ||     1
Armor: Robe              |       |       |       |     2 ||     2
Dodge: Dodged            |     3 |       |    28 |    59 ||    90
